 Dungeon Crawl Stone Soup version 0.29.1-2-gbd0b4ee654 (webtiles) character file.

Game seed: 1234084466356186681

3468 HOAXBANE the Lightning Rod (level 10, -5/74 HPs)
             Began as a Human Wanderer on Nov 1, 2022.
             Was a Follower of Qazlal.
             Killed by nerve-wracking pain
             ... invoked by an orc priest
              (10 damage)
             ... on level 7 of the Dungeon.
             The game lasted 02:03:53 (7970 turns).

HOAXBANE the Lightning Rod (Human Wanderer)         Turns: 7970, Time: 02:03:58

Health: -5/74      AC: 19    Str: 13    XL:     10   Next: 27%
Magic:  17/17      EV: 16    Int: 10    God:    Qazlal [*.....]
Gold:   197        SH:  2    Dex: 19    Spells: 10/11 levels left

rFire   . . .      SeeInvis .   q - +3 flail (protect)
rCold   . . .      Faith    .   (no shield)
rNeg    . . .      Spirit   .   f - +0 ring mail
rPois   .          Reflect  .   g - +0 helmet
rElec   .          Harm     .   a - +0 cloak
rCorr   .          Rampage  .   n - +2 pair of gloves
Will    .....                   (no boots)
Stlth   +.........              (no amulet)
HPRegen 0.22/turn               l - ring of wizardry
MPRegen 0.15/turn               y - +4 ring of evasion

@: under a protective aura, studying Invocations
A: mutation resistance 1
a: Renounce Religion


You were on level 7 of the Dungeon.
You worshipped Qazlal.
Qazlal was aware of your devotion.
You visited 2 branches of the dungeon, and saw 8 of its levels.

You collected 372 gold pieces.
You spent 175 gold pieces at shops.

Inventory:

Hand Weapons
 h - a +1 vorpal dagger
 j - a +0 sling
 q - a +3 flail of protection (weapon)
 s - a +2 spear of flaming
Missiles
 C - 4 javelins (quivered)
 I - 6 poisoned darts
 J - 2 throwing nets
Armour
 a - a +0 cloak (worn)
 f - a +0 ring mail (worn)
 g - a +0 helmet (worn)
 n - a +2 pair of gloves (worn)
Jewellery
 l - a ring of wizardry (left hand)
 u - a ring of willpower
 y - a +4 ring of evasion (right hand)
 z - a ring of protection from fire
Wands
 k - a wand of quicksilver (2)
 w - a wand of paralysis (9)
 K - a wand of flame (17)
Scrolls
 c - 3 scrolls of silence
 d - 6 scrolls of teleportation
 e - a scroll of summoning
 r - 2 scrolls of blinking
 t - a scroll of poison
 D - 2 scrolls of fear
 F - a scroll of enchant armour {unknown}
 G - a scroll of immolation {unknown}
 H - a scroll of identify
Potions
 i - 2 potions of attraction
 m - 3 potions of ambrosia
 o - a potion of resistance
 p - 2 potions of heal wounds
 v - a potion of brilliance
 x - 5 potions of curing
 A - 3 potions of flight {unknown}
 B - a potion of might {unknown}
 E - 2 potions of invisibility


   Skills:
 + Level 5.1 Fighting
 - Level 2.4 Short Blades
 + Level 7.2 Maces & Flails
 - Level 1.3 Ranged Weapons
 - Level 1.0 Throwing
 - Level 6.1 Armour
 - Level 3.1 Dodging
 - Level 1.3 Stealth
 - Level 2.0 Unarmed Combat
 - Level 1.0 Spellcasting
 - Level 4.1 Hexes
 - Level 10.1 Invocations


You had 10 spell levels left.
You knew the following spells:

 Your Spells              Type           Power      Damage    Failure   Level
a - Slow                  Hex            32%        N/A       4%          1

Your spell library contained the following spells:

 Spells                   Type           Power      Damage    Failure   Level
 Ensorcelled Hibernation  Hex/Ice        8%         N/A       16%         2
 Confusing Touch          Hex            8%         N/A       16%         3
 Tukima's Dance           Hex            8%         N/A       16%         3
 Passwall                 Tmut/Erth      0%         N/A       36%         2
 Sublimation of Blood     Necr           0%         N/A       36%         2
 Wereblood                Tmut           0%         N/A       36%         2
 Swiftness                Air            0%         N/A       58%         3
 Vampiric Draining        Necr           0%         2d6       58%         3
 Passage of Golubria      Tloc           0%         N/A       92%         4
 Yara's Violent Unravell  Hex/Tmut       2%         3d3       95%         5
 Summon Hydra             Summ           0%         N/A       100%        7


Dungeon Overview and Level Annotations

Branches:
Dungeon (7/15)             Temple (1/1) D:4

Altars:
Ashenzari
Cheibriados
Dithmenos
Elyvilon
Fedhas
Gozag
Hepliaklqana
Makhleb
Nemelex Xobeh
Okawaru
Qazlal
Ru
Sif Muna
Trog
Uskayaw
Vehumet
Wu Jian
Xom
Yredelemnul
Zin
The Shining One

Shops:
D:4 ?   D:5 (

Annotations:
D:3 1 runed translucent door, Crazy Yiuf


Innate Abilities, Weirdness & Mutations

You are somewhat resistant to further mutation.


Message History

You closely miss the orc priest.
An orc comes into view. It is wielding a +0 club.
The orc misses you.
The orc priest invokes the aid of Beogh against you.
Beogh smites you! The orc priest barely misses you.
Something shouts, "Give up, thou grime-gilt onion-eyed vassal!"
Unknown command.
Blink to where?
Press: ? - help, Dir - move target
As you read the scroll of blinking, it crumbles to dust.
You see here a +0 leather armour.
There is an open door here.
You close the door.
An orc priest opens the door.
Things that are here:
a +0 dagger; a +0 robe The orc priest mumbles some strange prayers to Beogh against you.
Beogh smites you!
You hear a shout!
There is an open door here.
The orc priest looks braver for a moment.
The orc priest calls down the wrath of Beogh upon you.
Beogh smites you!
There is an open door here.
You sock the orc priest!
Your weapon exudes an aura of protection.
The orc priest is heavily wounded.
The orc priest invokes the aid of Beogh against you.
Beogh smites you!
* * * LOW HITPOINT WARNING * * *
You block the orc priest's attack.
Unknown command.
You barely miss the orc priest.
The orc priest is heavily wounded.
The orc priest calls down the wrath of Beogh upon you.
Beogh smites you!
* * * LOW HITPOINT WARNING * * *
The orc priest mumbles some strange prayers to Beogh against you.
Pain shoots through your body!
You die...

#.......# #.. #.......#
###
#.......#################
#.......'...............'
........#################
#.......# ########
+.......# #.....##
#.......### #.....##
#>......@o### #.....#
#.......#.o.#### #.....#
###+#######..).###.....#
####.o.......#
####......# ##.....#
##'##### #[o..#. ####B..


You could see 2 orc priests and an orc.

Vanquished Creatures
  A kobold demonologist (D:7)
  Grinder (D:5)
  5 yaks (D:6)
  The ghost of waddelsworth the Insei, an amateur OpTm (D:3)
  3 black bears (D:5)
  3 ogres
  4 centaurs
  3 phantoms
  A kobold brigand (D:6)
  A bullfrog (D:4)
  A water moccasin zombie (D:5)
  4 scorpions
  A bullfrog skeleton (D:5)
  A hound (D:5)
  2 jellies
  2 orc priests
  2 scorpion zombies (D:5)
  3 iguanas
  2 orc wizards (D:4)
  A hound zombie (D:5)
  6 gnolls
  8 adders
  A shadow imp (D:5)
  A white imp (D:6)
  4 ufetubi
  3 worms
  A dart slug (D:2)
  13 orcs
  6 endoplasms
  14 giant cockroaches
  8 goblins
  4 hobgoblins
  8 jackals
  18 kobolds
  3 quokkas
  7 ball pythons
  12 bats
  4 frilled lizards
  24 rats
  4 bushes (D:6)
191 creatures vanquished.

Vanquished Creatures (others)
  A black bear (D:6)
  17 plants (D:6)
  A withered plant (D:5)
19 creatures vanquished.

Grand Total: 210 creatures vanquished

Notes
Turn   | Place    | Note
-------+----------+-------------------------------------------
     0 | D:1      | HOAXBANE the Human Wanderer began the quest for the Orb.
     0 | D:1      | HOAXBANE set off with the following items: a +0 dagger, 2
                  | throwing nets, a scroll of silence, a scroll of
                  | teleportation, a scroll of summoning, a +0 leather armour.
     0 | D:1      | Reached XP level 1. HP: 13/13 MP: 2/2
   167 | D:1      | Reached XP level 2. HP: 19/19 MP: 3/3
   196 | D:1      | Reached skill level 1 in Short Blades
   341 | D:1      | Found a faded altar of an unknown god.
   403 | D:1      | Reached XP level 3. HP: 25/25 MP: 4/4
  1201 | D:1      | Gained mutation: You are somewhat resistant to further
                  | mutation. [potion of mutation]
  1324 | D:2      | Reached skill level 1 in Fighting
  1652 | D:2      | Reached XP level 4. HP: 32/32 MP: 5/5
  1717 | D:2      | Found a stormy altar of Qazlal.
  1724 | D:2      | Became a worshipper of Qazlal Stormbringer
  2351 | D:2      | Reached * piety under Qazlal
  2521 | D:3      | Reached skill level 1 in Ranged Weapons
  2521 | D:3      | Reached XP level 5. HP: 37/38 MP: 6/6
  2808 | D:3      | Found a runed translucent door.
  2829 | D:3      | Noticed waddelsworth's ghost (amateur OpTm)
  2881 | D:3      | Killed waddelsworth's ghost
  2882 | D:3      | Reached XP level 6. HP: 47/47 MP: 7/7
  2980 | D:3      | You fall into a shaft and drop 1 floor!
  3017 | D:4      | Found Dytset's Magic Scroll Boutique.
  3027 | D:4      | Bought a scroll of blinking for 97 gold pieces
  3029 | D:4      | Bought a scroll of identify for 26 gold pieces
  3029 | D:4      | Bought a scroll of identify for 26 gold pieces
  3029 | D:4      | Bought a scroll of identify for 26 gold pieces
  3106 | D:3      | Found a runed translucent door.
  3107 | D:3      | Noticed Crazy Yiuf
  3486 | D:4      | Reached XP level 7. HP: 53/53 MP: 8/8
  3553 | D:4      | Reached ** piety under Qazlal
  3771 | D:4      | Found a radiant altar of Vehumet.
  3774 | D:4      | Found a basalt altar of Yredelemnul.
  3777 | D:4      | Found a blossoming altar of Fedhas.
  3778 | D:4      | Found a burning altar of Makhleb.
  3778 | D:4      | Found a hide-covered altar of Uskayaw.
  3779 | D:4      | Found an iron altar of Okawaru.
  3872 | D:4      | Reached skill level 1 in Invocations
  3922 | D:4      | Reached skill level 3 in Invocations
  4015 | D:4      | Found a sparkling altar of Nemelex Xobeh.
  4015 | D:4      | Found a transporter.
  4041 | D:4      | Reached XP level 8. HP: 60/60 MP: 10/10
  4142 | D:4      | Found a staircase to the Ecumenical Temple.
  4161 | D:4      | Reached skill level 4 in Invocations
  4169 | Temple   | Entered the Ecumenical Temple
  4458 | D:5      | Entered Level 5 of the Dungeon
  4683 | D:5      | Reached skill level 5 in Invocations
  4723 | D:5      | Noticed Grinder
  4742 | D:5      | Killed Grinder
  4961 | D:5      | Reached skill level 5 in Armour
  4961 | D:5      | Reached skill level 6 in Invocations
  4974 | D:5      | Reached XP level 9. HP: 34/66 MP: 13/13
  4983 | D:5      | Reached skill level 5 in Maces & Flails
  5401 | D:5      | Reached skill level 5 in Fighting
  5498 | D:5      | Reached skill level 7 in Invocations
  5561 | D:5      | Found Apeonatu's Antique Weapon Shoppe.
  5782 | D:6      | Learned a level 1 spell: Slow
  6129 | D:6      | Reached skill level 1 in Hexes
  6150 | D:6      | Reached skill level 8 in Invocations
  6170 | D:6      | Reached skill level 9 in Invocations
  6170 | D:6      | Reached XP level 10. HP: 12/74 MP: 5/16
  7621 | D:7      | Noticed a boulder beetle
  7741 | D:7      | Noticed a kobold demonologist
  7753 | D:7      | Noticed a rust devil
  7765 | D:7      | Killed a kobold demonologist
  7766 | D:7      | Reached skill level 10 in Invocations
  7970 | D:7      | Killed from afar by an orc priest

Illustrated notes

Levels and vault maps discovered:
D:1:      dpeg_cavernosity, layout_basic, chequers_ecumenical_altar_simple,
          chequers_mini_garden
D:2:      layout_loops_corners, basic_altar, minmay_rat_hole
D:3:      minmay_roachtagon, layout_rooms, ebering_ghost_reflecting_pool,
          uniq_crazy_yiuf_cottage
D:4:      minmay_bubble_buster, layout_loops_ring, grunt_nemelex_the_gamble,
          minitemple, minmay_temple_entry_stoned_glass, serial_shops,
          nicolae_shop_trees, minmay_manual_mares
D:5:      layout_basic, serial_shops, shop, serial_undead, serial_undead_d,
          serial_undead_e, serial_undead_b, serial_undead_c, grunt_ministairs_2,
          minmay_pentangle, uniq_grinder
D:6:      layout_basic, lexackson_kobold_supper
D:7:      layout_basic, chequers_serial_rivers_small_3
Temple:   zaba_magenta_temple

Skill      XL: |  1  2  3  4  5  6  7  8  9 10 |
---------------+-------------------------------+-----
Short Blades   | 1 2 |  2.4
Fighting       | 1 3 4 5 |  5.1
Ranged Weapons | 1 |  1.3
Armour         | 3 5 6 |  6.1
Maces & Flails | 2 3 4 6 7 |  7.2
Invocations    | 3 6 9 10 | 10.1
Hexes          | 3 4 |  4.1
Throwing       | |  1.0
Dodging        | |  3.1
Stealth        | |  1.3
Unarmed Combat | |  2.0
Spellcasting   | |  1.0

Action                   |  1- 3 |  4- 6 |  7- 9 | 10-12 || total
-------------------------+-------+-------+-------+-------++-------
Melee: Dagger            |    91 |   106 |       |       ||   197
       Punch             |       |     4 |     4 |    11 ||    19
       Flail             |       |    44 |   274 |   284 ||   602
 Fire: Sling             |    14 |    42 |     6 |       ||    62
Throw: Throwing net      |     2 |       |       |       ||     2
       Stone             |    12 |       |       |       ||    12
       Dart              |       |       |    11 |     2 ||    13
       Javelin           |       |       |     7 |       ||     7
 Cast: Slow              |       |       |       |     6 ||     6
Invok: Upheaval          |       |       |     5 |     3 ||     8
Evoke: Wand              |       |     1 |     5 |     3 ||     9
  Use: Scroll            |     4 |     8 |     5 |     1 ||    18
       Potion            |     1 |     1 |       |       ||     2
 Stab: Held in net/web   |     1 |       |       |       ||     1
       Sleeping          |     1 |       |       |       ||     1
       Invisible         |       |       |     2 |       ||     2
       Paralysed         |       |       |     3 |       ||     3
Armor: Leather armour    |     2 |       |       |       ||     2
       Chain mail        |    31 |    89 |   191 |       ||   311
       Skin              |       |    15 |       |       ||    15
       Ring mail         |       |       |       |    19 ||    19
Dodge: Dodged            |    31 |    56 |   135 |    59 ||   281
Block: Other             |       |     5 |    31 |     9 ||    45
